 Dungeon Crawl Stone Soup version 0.30-a0-591-g3c58d2bc28 (webtiles) character file.

Game seed: 11711714577394100525

51 Bapho the Chopper (level 3, -1/31 (33) HPs)
             Began as a Hill Orc Reaver on Jan 4, 2023.
             Slain by a goblin
             ... wielding a +0 dagger of freezing
             ... led by Robin
              (5 damage)
             ... on level 2 of the Dungeon on Jan 5, 2023.
             The game lasted 00:03:27 (1555 turns).

Bapho the Chopper (Hill Orc Reaver)                 Turns: 1555, Time: 00:03:28

HP:   -1/31 (33)    AC: 10    Str: 16    XL:     3   Next: 81%
MP:   5/5           EV:  4    Int: 13    God:
Gold: 127           SH:  0    Dex:  9    Spells: 4/5 levels left

rFire   . . .      SeeInvis .    a - +0 hand axe
rCold   . . .      Faith    .    (no shield)
rNeg    . . .      Spirit   .    d - +0 plate armour
rPois   .          Reflect  .    (no helmet)
rElec   .          Harm     .    (no cloak)
rCorr   .          Rampage  .    (no gloves)
Will    .....                    (no boots) Stlth
                                 (no amulet)
HPRegen 0.25/turn                (no ring)
MPRegen 0.09/turn                (no ring)

@: drained
A: no striking features
a: no special abilities


You were on level 2 of the Dungeon.
You visited 1 branch of the dungeon, and saw 2 of its levels.

You collected 127 gold pieces.

Inventory:

Hand Weapons
 a - a +0 hand axe (weapon)
Armour
 b - a +0 leather armour
 d - a +0 plate armour (worn)
Scrolls
 c - a scroll of identify {unknown}
 f - a scroll of vulnerability {unknown}
 g - a scroll of poison {unknown}
 h - 2 scrolls of fog {unknown}
 i - a scroll of amnesia {unknown}
 k - a scroll of noise {unknown}
Potions
 e - a potion of curing {unknown}
 j - a potion of brilliance {unknown}
 m - a potion of attraction {unknown}


   Skills:
 + Level 3.8 Fighting
 + Level 5.2 Axes
 - Level 1.5 Dodging
 - Level 1.5 Spellcasting
 - Level 3.0 Conjurations


You had 4 spell levels left.
You knew the following spells:

 Your Spells              Type           Power      Damage    Failure   Level
a - Kiss of Death         Conj/Necr      16%        2d6       100%        1

Your spell library contained the following spells:

 Spells                   Type           Power      Damage    Failure   Level
 Necrotise                Necr           4%         1d4       100%        1
 Momentum Strike          Conj/Tloc      8%         3d8       100%        2
 Hailstorm                Conj/Ice       4%         3d4       100%        3
 Vampiric Draining        Necr           1%         2d6       100%        3
 Agony                    Necr           1%         N/A       100%        5


Dungeon Overview and Level Annotations

Branches:
Dungeon (2/15)

Altars:

Annotations:
D:2 Robin


Message History

The ball python bites you but does no damage.
The ball python grabs you. The ball python constricts you.
The ball python bites you but does no damage.
The ball python constricts you.
You slash the ball python!
You kill the ball python!
The goblin no longer looks unusually strong.
A hobgoblin comes into view.
The quokka barely misses you.
You slash the quokka!
You kill the quokka!
You barely miss the hobgoblin.
The hobgoblin no longer looks unusually strong.
Robin roars a battlecry!
The goblins go into a battle-frenzy!
The hobgoblin hits you but does no damage.
You hear a shout!
You hit the hobgoblin.
The hobgoblin is moderately wounded.
The hobgoblin no longer looks unusually strong.
Robin throws the goblin at you! The hobgoblin hits you.
The goblin hits you but does no damage.
You hit the hobgoblin.
The hobgoblin is heavily wounded.
You completely miss the goblin.
Robin roars a battlecry!
The hobgoblin goes into a battle-frenzy!
The hobgoblin hits you.
The goblin hits you with a +0 dagger of freezing.
The goblin freezes you.
You barely miss the goblin. You closely miss the hobgoblin.
The hobgoblin completely misses you.
The goblin hits you with a +0 dagger of freezing.
* * * LOW HITPOINT WARNING * * *
The goblin freezes you.
* * * LOW HITPOINT WARNING * * *
You closely miss the goblin. You hit the hobgoblin. The hobgoblin hits you.
* * * LOW HITPOINT WARNING * * *
The goblin hits you with a +0 dagger of freezing.
You die...

....#....# #.......######.##....#
....########.......'.......+....#
....#......#.......##.###+##....#
....#......####.......##.........
....#......####.##.#####....#....
#####.......................#....
..............#.............#....
.............g#########.....#####
............gggg@g.# #.....#
....$....g..gg####.####'#####
..............####.........#
.................#.........#
......######.....#.........# #
.........# #.....#......##### #
...g.....# ###########......# #
..g......# #########'#####
gg..S....# #....##........


You could see Robin, 4 hobgoblins and 4 goblins.

Vanquished Creatures
  A worm (D:2)
  2 dart slugs (D:1)
  7 ball pythons
  2 bats
  2 endoplasms (D:1)
  7 goblins
  5 hobgoblins
  3 kobolds
  4 quokkas (D:2)
  2 frilled lizards (D:1)
  3 rats
38 creatures vanquished.

Notes
Turn   | Place    | Note
-------+----------+-------------------------------------------
     0 | D:1      | Bapho the Hill Orc Reaver began the quest for the Orb.
     0 | D:1      | Reached XP level 1. HP: 18/18 MP: 3/3
    90 | D:1      | Reached XP level 2. HP: 17/26 MP: 4/4
   328 | D:1      | Reached XP level 3. HP: 25/31 MP: 5/5
   710 | D:1      | Found a faded altar of an unknown god.
   893 | D:2      | Upgraded the game from 0.30-a0-587-gfd7c166f36 to
                  | 0.30-a0-591-g3c58d2bc28
  1026 | D:2      | Reached skill level 5 in Axes
  1532 | D:2      | Noticed Robin
  1555 | D:2      | Slain by a goblin

Illustrated notes

Levels and vault maps discovered:
D:1:      lightli_arrival_chessboard, layout_loops_cross,
          shapermc_ecumenical_altar_pompeii
D:2:      layout_basic, uniq_robin

Skill      XL: |  1  2  3 |
---------------+----------+-----
Fighting       | 3 |  3.8
Axes           | 5 |  5.2
Dodging        | |  1.5
Spellcasting   | |  1.5
Conjurations   | |  3.0

Action                   || total
-------------------------++-------
Melee: Hand axe          ||   116
       Punch             ||     3
Throw: Stone             ||    10
 Cast: Kiss of Death     ||     1
Armor: Leather armour    ||    19
       Plate armour      ||    22
Dodge: Dodged            ||    51

Table legend: (Time is in decaauts)
 A = Elapsed time spent in this place.
 B = Non-inter-level travel time spent in this place.
 C = Inter-level travel time spent in this place.
 D = Time resting spent in this place.
 E = Time spent auto-exploring this place.
 F = Levels seen in this place.
 G = Mean time per level.
                   A        B        C        D        E       F      G
               +--------+--------+--------+--------+--------+-----+--------+
         Total |   1563 |   1538 |     25 |      8 |   1234 |   2 |  781.5 |
       Dungeon |   1563 |   1538 |     25 |      8 |   1234 |   2 |  781.5 |
               +--------+--------+--------+--------+--------+-----+--------+

Top non-repeatable levels by time:
     D:1: 808 daAuts
     D:2: 755 daAuts
